Map: Zen LE

Players

TheNarnian - Winner!

  • Race: Terran Terran
  • League: Diamond
  • Spawn Location: 1:00

LowLinK

  • Race: Protoss Protoss
  • League: Diamond
  • Spawn Location: 7:00

VOD

Have the link to the VOD?

Description

Time

  • Played on: Feb. 17, 2020, 10:03 a.m.
  • Length: 8:50
Show
View Real Time Build Order
Export as new Build Order

TheNarnian Terran - Winner!

Build Orders:  

Get SALT Encoding   

  12  0:01  SCV  
  13  0:13  Supply Depot  
  13  0:19  SCV  
  14  0:25  Refinery  
  14  0:31  SCV  
  15  0:43  Barracks  
  15  0:47  SCV  
  16  0:54  Refinery  
  16  0:59  SCV  
  17  1:12  SCV  
  18  1:31  Orbital Command  
  18  1:35  Barracks  
  18  1:38  Marine  
  19  1:48  Supply Depot  
  19  1:56  Marine  
  19  1:58  SCV  
  21  2:11  SCV  
  21  2:14  Factory  
  22  2:19  Barracks Tech Lab  
  22  2:23  Barracks Reactor  
  22  2:26  SCV  
  23  2:38  SCV, Marauder  
  23  2:39  Concussive Shells  
  26  2:50  SCV, Supply Depot  
  27  2:59  Factory Tech Lab  
  27  3:02  SCV  
  27  3:04  Marine  
  29  3:08  Marine  
  29  3:10  Marine  
  31  3:17  Supply Depot  
  31  3:21  Widow Mine  
  31  3:22  Stimpack  
  33  3:29  Starport  
  33  3:31  Marine  
  33  3:34  Marine  
  34  3:39  Marauder  
  37  3:46  Siege Tank  
  40  3:54  Marine x2  
  42  4:00  Marauder  
  44  4:03  Supply Depot  
  44  4:06  Starport Reactor  
  44  4:16  Marine  
  45  4:20  Marine  
  46  4:24  Siege Tank  
  49  4:31  Supply Depot  
  49  4:36  Marine  
  49  4:37  Marine  
  47  4:45  Marine  
  45  4:54  Marine  
  45  4:55  Marauder  
  45  4:59  Liberator  
  51  5:03  Supply Depot, Marine  
  52  5:11  Liberator  
  55  5:20  Marine  
  51  5:31  Marine x2  
  53  5:42  Medivac  
  55  5:51  Supply Depot  
  55  5:59  Supply Depot  
  55  6:12  Medivac, Marine x3, Siege Tank  
  62  6:21  Liberator  
  65  6:30  Marine  
  66  6:38  Marauder, Marine  
  69  6:44  Supply Depot  
  69  6:48  Marine  
  70  7:06  Siege Tank  
  73  7:13  Marine x2  
  73  7:15  Marauder  
  77  7:20  Supply Depot  
  77  7:42  Siege Tank  
  80  7:50  Marine x3  
  83  7:53  Liberator  
  86  8:11  Marauder  
Show
View Real Time Build Order
Export as new Build Order

LowLinK Protoss 

Build Orders:  

Get SALT Encoding   

  12  0:01  Probe  
  13  0:13  Probe  
  14  0:22  Pylon  
  14  0:25  Probe  
  15  0:40  Probe  
  15  0:41  Gateway  
  16  0:48  Assimilator  
  16  0:52  Probe (Chrono Boost)  
  17  0:59  Assimilator  
  17  1:01  Probe (Chrono Boost)  
  18  1:06  Probe (Chrono Boost)  
  19  1:15  Pylon  
  19  1:18  Probe  
  20  1:29  Cybernetics Core  
  20  1:30  Probe  
  21  1:43  Probe  
  22  1:55  Probe  
  23  2:02  Pylon, Warp Gate (Chrono Boost)  
  23  2:05  Stalker  
  25  2:22  Gateway  
  25  2:56  Gateway  
  25  2:58  Gateway  
  25  3:01  Gateway  
  25  3:04  Pylon  
  25  3:15  Pylon  
  25  3:16  Sentry (Chrono Boost)  
  27  3:47  Stalker x2  
  31  3:53  Stalker x2  
  35  3:56  Stalker  
  37  4:07  Stalker  
  39  4:10  Zealot  
  39  4:12  Sentry  
  39  4:17  Stalker  
  45  4:19  Stalker  
  47  4:32  Stalker x3  
  37  4:52  Stalker  
  37  4:53  Stalker x2  
  37  4:57  Stalker  
  45  5:04  Adept  
  27  5:35  Stalker x3  
  33  5:36  Stalker  
  35  5:46  Zealot  
  35  5:49  Probe  
  38  5:58  Sentry  
  38  6:00  Zealot  
  38  6:04  Stalker  
  44  6:13  Stalker  
  46  6:29  Stalker  
  46  6:30  Stalker  
  50  6:48  Robotics Facility  
  50  6:51  Twilight Council  
  50  6:53  Gateway  
  50  6:58  Zealot x2  
  54  7:07  Pylon  
  54  7:26  Forge  
  54  7:34  Stalker  
  56  7:38  Stalker  
  37  8:22  Stalker x3  
  39  8:32  Stalker x2  
  39  8:44  Stalker  
Tags
 
Add a new tag
Caveats
  • Supply blocks, unpowered buildings, or Contaminate may cause inaccurate times.
  • Supply counts are checked every 10 seconds.